 Dungeon Sprint DCSS version 0.18-a0-1426-g3b9a63c (webtiles) character file.

140 chei the Skirmisher (level 5, 35/55 HPs)
             Began as a Naga Fighter on Feb 27, 2016.
             Quit the game in the Dungeon (Sprint IX: "|||||||||||||||||||||||||||||").
             The game lasted 00:00:20 (181 turns).

chei the Skirmisher (Naga Fighter)                   Turns: 181, Time: 00:00:20

Health: 35/55      AC:  6    Str: 19    XL:     5   Next: 22%
Magic:  5/5        EV:  6    Int:  9    God:
Gold:   0          SH:  9    Dex: 10    Spells: 0 memorised, 4 levels left

rFire  . . .     SeeInvis +     a - +0 long sword
rCold  . . .     Gourm    .     b - +0 scale mail
rNeg   . . .     Faith    .     c - +0 shield
rPois  +         Spirit   .     (no helmet)
rElec  .         Dismiss  .     (no cloak)
rCorr  .         Reflect  .     (no gloves)
SustAt .         Harm     .     (no barding)
MR     .....     NoTele   +     (no amulet)
Stlth  ..........               (no ring)
                                (no ring)

@: very slow, not resistant to hostile enchantments, extremely unstealthy
A: see invisible, deformed body, poison resistance, slowness 2, slow metabolism
1, spit poison 2, AC +1
a: Spit Poison


You were in the Dungeon.
You were not hungry.

You visited 1 branch

Inventory:

Hand Weapons
 a - a +0 long sword (weapon)
Armour
 b - a +0 scale mail (worn)
 c - a +0 shield (worn)
Scrolls
 k - a scroll of blinking
Potions
 e - a potion of curing
 g - a potion of heal wounds
 h - a potion of haste
 i - 2 potions of magic
 j - a potion of berserk rage
Comestibles
 f - a bread ration


   Skills:
 + Level 6.0 Fighting
 + Level 4.1 Long Blades
 + Level 5.2 Armour
 + Level 0.7 Dodging
 + Level 4.9 Shields


You had 4 spell levels left.
You didn't know any spells.

Dungeon Overview and Level Annotations

Branches:
Dungeon (1/1)

Altars:
Kikubaaqudgha
Makhleb
Nemelex Xobeh
Okawaru
Sif Muna
Trog
Vehumet
Xom
Yredelemnul
Zin
The Shining One


Innate Abilities, Weirdness & Mutations

You cannot wear boots.
Your serpentine skin is tough (AC +1).
You have supernaturally acute eyesight.
Armour fits poorly on your strangely shaped body.
Your system is resistant to poisons.
You cover ground very slowly.
You have a slow metabolism.
You can spit poison.


Message History

No target in view!
No target in view!
Unknown command.
There is an open door, spattered with blood here.
You start resting.
You start resting.
You feel a little less mighty now.
You open the door.
Found six altars.
Found an iron altar of Okawaru.
There is an open door to the Temple here.
Found a burning altar of Makhleb.
There is a glowing silver altar of Zin here.
Found a deep blue altar of Sif Muna.
There is a glowing golden altar of the Shining One here.
Found a bloodstained altar of Trog.
There is an ancient bone altar of Kikubaaqudgha here.
Found a sparkling altar of Nemelex Xobeh.
There is a basalt altar of Yredelemnul here.
Are you sure you want to abandon this character and quit the game? (Confirm with "yes".)

▓.▓
▓.▓
▓.▓
▓.▓
▓'▓
▓_▓
▓_▓
▓_▓
▓@▓
▓_▓
▓_▓
▓_▓
▓_▓
▓_▓
▓_▓
▓_▓


There were no monsters in sight!

Vanquished Creatures
  A phantom (D)
  A hound (D)
  An adder (D)
  An adder zombie (D)
  A goblin (D)
  2 hobgoblins (D)
  A jackal (D)
  A ball python (D)
  A kobold (D)
10 creatures vanquished.

Notes
Turn   | Place    | Note
--------------------------------------------------------------
     0 | D        | chei the Naga Fighter began the quest for the Orb.
     0 | D        | Reached XP level 1. HP: 21/21 MP: 1/1
   111 | D        | Noticed a hound
   111 | D        | Noticed a phantom
   113 | D        | Reached XP level 2. HP: 28/30 MP: 2/2
   114 | D        | Reached skill level 4 in Fighting
   114 | D        | Reached XP level 3. HP: 33/37 MP: 3/3
   133 | D        | Killed a phantom
   133 | D        | Reached skill level 6 in Fighting
   133 | D        | Reached skill level 5 in Armour
   133 | D        | Reached XP level 4. HP: 22/48 MP: 4/4
   133 | D        | Reached XP level 5. HP: 25/55 MP: 5/5
   175 | D        | Found a glowing silver altar of Zin.
   175 | D        | Found a glowing golden altar of the Shining One.
   175 | D        | Found an ancient bone altar of Kikubaaqudgha.
   175 | D        | Found a basalt altar of Yredelemnul.
   175 | D        | Found a shimmering altar of Xom.
   175 | D        | Found a radiant altar of Vehumet.
   176 | D        | Found an iron altar of Okawaru.
   177 | D        | Found a burning altar of Makhleb.
   178 | D        | Found a deep blue altar of Sif Muna.
   179 | D        | Found a bloodstained altar of Trog.
   180 | D        | Found a sparkling altar of Nemelex Xobeh.
   181 | D        | Quit the game

Vault maps used:
D:        linesprint

Skill      XL: |  1  2  3 |
---------------+----------+-----
Shields        | 3 4 |  4.9
Armour         | 3 5 |  5.2
Fighting       | 4 6 |  6.0
Long Blades    | 3 4 |  4.1
Dodging        | |  0.7

Action                   |  1- 3 |  4- 6 || total
-------------------------+-------+-------++-------
Melee: Long sword        |    34 |       ||    34
  Use: Potion            |     1 |       ||     1
